 Dungeon Crawl Stone Soup version 0.30-a0-341-g682706514a (webtiles) character file.

Game seed: 10983679127702334975

0 MackTheKnife the Sneak (level 1, 0/18 HPs)
             Began as a Demonspawn Delver on Nov 1, 2022.
             Succumbed to a goblin's poison
             ... on level 3 of the Dungeon.
             The game lasted 00:00:19 (92 turns).

MackTheKnife the Sneak (Demonspawn Delver)            Turns: 92, Time: 00:00:20

Health: 0/18       AC:  3    Str: 12    XL:     1   Next: 8%
Magic:  1/1        EV: 11    Int: 11    God:
Gold:   15         SH:  0    Dex: 14    Spells: 0/0 levels left

rFire   . . .      SeeInvis .      - Unarmed
rCold   . . .      Faith    .    (no shield)
rNeg    . . .      Spirit   .    a - +0 leather armour
rPois   .          Reflect  .    (no helmet)
rElec   .          Harm     .    (no cloak)
rCorr   .          Rampage  .    (no gloves)
Will    .....                    (no boots)
Stlth   ++........               (no amulet)
HPRegen 0.23/turn                (no ring)
MPRegen 0.07/turn                (no ring)

@: lethally poisoned (0 -> -3)
A: no striking features
a: no special abilities


You were on level 3 of the Dungeon.
You visited 1 branch of the dungeon, and saw 3 of its levels.

You collected 15 gold pieces.

Inventory:

Armour
 a - a +0 leather armour (worn)
Wands
 f - a wand of digging (3)
Scrolls
 b - a scroll of fog
 c - a scroll of magic mapping {!r}
 d - a scroll of fear
 g - a scroll of silence {unknown}
Potions
 e - a potion of haste


   Skills:
 - Level 3.0 Fighting
 - Level 1.7 Dodging
 - Level 4.5 Stealth
 + Level 1.8 Unarmed Combat


You couldn't memorise any spells.
You didn't know any spells.
Your spell library was empty.

Dungeon Overview and Level Annotations

Branches:
Dungeon (5/15)
 Temple: D:4-7

Altars:


Message History

You hear the hiss of flowing sand.
There is an entrance to an ossuary on this level.
Hurry and find it before the portal is buried!
Options error: Bad channel -- pray (HDAMessageColors.rc:30) Options error: Bad channel -- food (HDAMessageColors.rc:33) Options error: Bad channel -- rotten_meat (HDAMessageColors.rc:50) Options error: Bad object type '%}\|' for autopickup. (~/.crawlrc:663) Bad channel name for runrest: 'Jiyva says: Divide and consume' Welcome, MackTheKnife the Demonspawn Delver.
Below lies the Orb of Zot, rumoured to be powerful enough to resurrect a god...
Found 15 gold pieces and a robe.
Found a stone staircase leading down.
You now have 15 gold pieces.
There is a stone staircase leading down here.
g - a +0 robe
Found a stone staircase leading down.
You drop a +0 robe.
Found a stone staircase leading up.
There is a stone staircase leading up here.
You climb upwards.
There is a stone staircase leading down here.
Found a stone staircase leading up.
g - a scroll labelled TYUPPA HIACHOF
There is a stone staircase leading up here.
You climb upwards.
There is a stone staircase leading down here.
A goblin comes into view. It is wielding a +0 dagger.
The helpless goblin fails to defend itself.
You hit the goblin.
You kill the goblin!
The goblin shouts!
The goblin hits you with a +2 dagger of venom.
You are poisoned.
You take 1 damage, and have 17/18 hp.
You completely miss the goblin.
You feel very sick. The goblin barely misses you.
You take 3 damage, and have 14/18 hp.
You hit the goblin but do no damage.
You feel sick. The goblin barely misses you.
You take 1 damage, and have 13/18 hp.
You closely miss the goblin.
You feel sick.
The goblin hits you with a +2 dagger of venom.
You take 6 damage, and have 7/18 hp.
MASSIVE DAMAGE!!
You hit the goblin.
You feel sick.
The goblin hits you with a +2 dagger of venom.
* * * LOW HITPOINT WARNING * * *
You take 2 damage, and have 5/18 hp.
Unknown command.
You barely miss the goblin.
* * * LOW HITPOINT WARNING * * *
You feel sick.
The goblin hits you with a +2 dagger of venom.
* * * LOW HITPOINT WARNING * * *
You hit the goblin but do no damage.
* * * LOW HITPOINT WARNING * * *
You feel sick. The goblin closely misses you.
Unknown command.
You take 4 damage, and have 1/18 hp.
MASSIVE DAMAGE!!
You hit the goblin but do no damage.
You die...

#.# ####.
...
...###.#
##.#.#.##
#...$.!.#
##.#.#.##
#.......#
##.#)#>##
#g@.....#
##.#.#.##
#######


You could see a goblin.

Vanquished Creatures
  A goblin (D:3)
1 creature vanquished.

Notes
Turn   | Place    | Note
-------+----------+-------------------------------------------
     0 | D:5      | MackTheKnife the Demonspawn Delver began the quest for the
                  | Orb.
     0 | D:5      | Reached XP level 1. HP: 18/18 MP: 1/1
    90 | D:3      | HP: 4/18 [poisoned by a goblin]
    90 | D:3      | HP: 1/18 [goblin/+2 dagger of venom (3)]
    92 | D:3      | Succumbed to a goblin's poison

Illustrated notes

Levels and vault maps discovered:
D:3:      layout_loops_cross, st_stairs_8, uniq_sigmund
D:4:      layout_loops_cross, guppyfry_early_lair_pool
D:5:      layout_loops_ring, nicolae_overflow_hidden_temple,
          chequers_ossuary_entry_cave, mrwooster_statue_mirror

Action                   || total
-------------------------++-------
Melee: Unarmed           ||     8
 Stab: Sleeping          ||     1
Dodge: Dodged            ||     3

Table legend: (Time is in decaauts)
 A = Elapsed time spent in this place.
 B = Non-inter-level travel time spent in this place.
 C = Inter-level travel time spent in this place.
 D = Time resting spent in this place.
 E = Time spent auto-exploring this place.
 F = Levels seen in this place.
 G = Mean time per level.
                   A        B        C        D        E       F      G
               +--------+--------+--------+--------+--------+-----+--------+
         Total |     91 |     83 |      8 |      0 |     55 |   3 |   30.3 |
       Dungeon |     91 |     83 |      8 |      0 |     55 |   3 |   30.3 |
               +--------+--------+--------+--------+--------+-----+--------+

Top non-repeatable levels by time:
     D:5: 43 daAuts
     D:4: 36 daAuts
     D:3: 11 daAuts

Table legend:
 A = Kills in this place as a percentage of kills in entire the game.
 B = Kills by you in this place as a percentage of kills by you in the entire game.
 C = Kills by friends in this place as a percentage of kills by friends in the entire game.
 D = Other kills in this place as a percentage of other kills in the entire game.
 E = Experience gained in this place as a percentage of experience gained in the entire game.
 F = Experience gained in this place divided by the number of levels of this place that you have seen.
                   A       B       C       D       E      F
               +-------+-------+-------+-------+-------+----------------------
         Total | 100.0 | 100.0 |   N/A |   N/A | 100.0 |   0.3
       Dungeon | 100.0 | 100.0 |   N/A |   N/A | 100.0 |   0.3
               +-------+-------+-------+-------+-------+----------------------
